AoeStats
← Go long Nvidia

African Clearing

510289933Analyzed
2v2 RM · 2d ago on Sep 30, 2026· 47m 21s· 4 players
Game mode
Random Map
Map size
Medium (4 player)
Population
200
Speed
Normal
Resources
Standard
Victory
Conquest
Starting age
Dark Age
Ending age
Imperial Age
RankedLock teamsTeams togetherTeam positionsShared explorationLock speedFull tech treeHidden civsTurbo modeCheats
Victory
Defeat
🇨🇱 Mapuche · Chile
498
+10
🇨🇳 Franks · China
495
+10
🇨🇦 Goths · Canada
403
-11
🇫🇷 Celts · France
320
-9
stephkenca
4:16 Loom
17:52 Feudal Age
19:12 Wheelbarrow
18:22 Horse Collar
18:33 Double-Bit Axe
18:14 Man-at-Arms
22:11 Bloodlines
23:03 Gold Mining
29:50 Scale Barding Armor
37:43 Forging
40:56 Fletching
42:33 Scale Mail Armor
44:43 Padded Archer Armor
48:36 Castle Age
FéeLyly
Go long Nvidia
16:52 Feudal Age
17:31 Double-Bit Axe
18:38 Loom
22:13 Forging
23:28 Wheelbarrow
23:21 Scale Barding Armor
23:31 Town Watch
31:07 Castle Age
32:36 Iron Casting
33:19 Light Cavalry
34:27 Town Patrol
34:42 Husbandry
35:58 Chain Barding Armor
41:15 Imperial Age
39:04 Squires
40:12 Gold Mining
40:59 Hand Cart
40:50 Man-at-Arms
41:28 Treadmill Crane
43:50 Plate Barding Armor
47:14 Gold Shaft Mining
Franco Joao G
4:41 Loom
17:36 Feudal Age
26:35 Castle Age
25:50 Double-Bit Axe
33:47 Gold Mining
36:45 Imperial Age
36:10 Elite Skirmisher
41:13 Bow Saw
40:52 Horse Collar
43:04 Wheelbarrow
42:16 Town Watch
43:54 Chemistry
43:08 Stone Mining
44:06 Malon
46:23 Heavy Plow
47:11 Butalmapu
Connection lost

Rejoining the realm…

Still unreachable

The connection could not be restored.

Session expired

The server has moved on; the page needs a fresh start.